 Dungeon Crawl Stone Soup version 0.22-a0-395-gfed312b (webtiles) character file.

452 George the Skirmisher (level 7, -3/59 HPs)
             Began as a Gnoll Wanderer on May 3, 2018.
             Killed by divine providence
             ... invoked by an orc priest
              (13 damage)
             ... on level 4 of the Dungeon.
             The game lasted 00:06:34 (3511 turns).

George the Skirmisher (Gnoll Wanderer)              Turns: 3511, Time: 00:06:34

Health: -3/59      AC: 11    Str: 13    XL:     7   Next: 4%
Magic:  10/10      EV: 11    Int: 17    God:
Gold:   191        SH:  0    Dex: 15    Spells: 10/10 levels left

rFire    . . .     SeeInvis .   A - +3 quarterstaff (chaos)
rCold    . . .     Gourm    .   (shield currently unavailable)
rNeg     + + .     Faith    .   q - +0 scale mail {rN+}
rPois    .         Spirit   .   a - +0 helmet
rElec    .         Reflect  .   B - +0 cloak
rCorr    .         Harm     .   (no gloves)
MR       +....                  p - +0 pair of boots
Stlth    +.........             k - amulet of magic regeneration
HPRegen  0.19/turn              s - ring of positive energy
MPRegen  0.37/turn              x - ring of protection from magic

@: no status effects
A: distributed training, fangs 1, strong nose
a: no special abilities


You were on level 4 of the Dungeon.
You were not hungry.

You visited 1 branch of the dungeon, and saw 4 of its levels.

You collected 191 gold pieces.

Inventory:

Hand Weapons
 y - a +3 hand axe
 A - a +3 quarterstaff of chaos (weapon)
Missiles
 b - 7 needles of sleeping
 e - 140 stones (quivered)
 h - 30 bolts
 w - 33 arrows
 z - 14 poisoned needles
Armour
 a - a +0 helmet (worn)
 p - a +0 pair of boots (worn)
 q - a +0 scale mail of positive energy (worn)
 B - a +0 cloak (worn)
Jewellery
 k - an amulet of magic regeneration (around neck)
 s - a ring of positive energy (left hand)
 x - a ring of protection from magic (right hand)
Scrolls
 c - 3 scrolls of teleportation
 j - a scroll of enchant armour {unknown}
 l - a scroll of noise {unknown}
 n - a scroll of enchant weapon {unknown}
 o - a scroll of amnesia {unknown}
 r - 2 scrolls of identify {unknown}
 t - 2 scrolls of magic mapping {unknown}
Potions
 f - a potion of magic {unknown}
 g - a potion of brilliance {unknown}
 i - 3 potions of flight {unknown}
 m - a potion of mutation {unknown}
 u - a potion of lignification {unknown}
 v - 2 potions of cancellation {unknown}
Comestibles
 d - 4 rations
 C - a chunk of flesh


   Skills:
 + Level 6.9 Fighting
 + Level 3.4 Short Blades
 + Level 2.2 Long Blades
 + Level 2.2 Axes
 + Level 2.2 Maces & Flails
 + Level 2.2 Polearms
 + Level 2.2 Staves
 + Level 2.2 Slings
 + Level 3.4 Bows
 + Level 2.2 Crossbows
 + Level 2.2 Throwing
 + Level 5.1 Armour
 + Level 3.4 Dodging
 + Level 2.2 Stealth
 + Level 2.2 Shields
 + Level 2.2 Unarmed Combat
 + Level 2.2 Spellcasting
 + Level 1.7 Conjurations
 + Level 1.7 Hexes
 + Level 1.7 Charms
 + Level 1.7 Summonings
 + Level 1.7 Necromancy
 + Level 1.7 Translocations
 + Level 1.7 Transmutations
 + Level 1.7 Fire Magic
 + Level 1.7 Ice Magic
 + Level 1.7 Air Magic
 + Level 1.7 Earth Magic
 + Level 1.7 Poison Magic
 + Level 2.4 Invocations
 + Level 5.1 Evocations


You had 10 spell levels left.
You didn't know any spells.

Dungeon Overview and Level Annotations

Branches:
Dungeon (4/15)
 Temple: D:4-7

Altars:
Fedhas
Kikubaaqudgha
Uskayaw


Innate Abilities, Weirdness & Mutations

Your experience applies equally to all skills.
You have very sharp teeth.
Your uncanny sense of smell can sniff out nearby items.


Message History

You kill the orc wizard!
You have reached level 7!
You closely miss the orc priest. The orc priest barely misses you.
You sock the orc priest!
The orc priest is poisoned.
You bite the orc priest, but do no damage.
The orc priest is heavily wounded.
The orc priest mumbles some strange prayers to Beogh against you.
Pain shoots through your body!
* * * LOW HITPOINT WARNING * * *
You hit the orc priest but do no damage.
The orc priest is heavily wounded.
The orc priest hits you but does no damage.
You closely miss the orc priest.
The orc priest is heavily wounded.
The orc priest hits you but does no damage. x2
You hit the orc priest.
The orc priest is almost dead.
The orc priest mumbles some strange prayers to Beogh against you.
Beogh smites you!
You die...

#.###.........# #.#
#.........########## #.#
#.# #...........o.......
#.# #.#
#.........########## #!#
#.# #.........# #.# #.#
#.........## #.# #.#
#....).....# .####.#
#.######o..#..##
.....o####..)..รท@).##.##
(...o.(......########..
##########..## #### #..#
##.# #.# #.# #.# #######
..# #.....<


You could see an orc priest.

Vanquished Creatures
  An ogre (D:3)
  Blork the orc (D:4)
  A hound (D:4)
  Crazy Yiuf (D:3)
  An orc wizard (D:4)
  Jessica (D:2)
  Natasha (twice) (D:2 D:4)
  Robin (D:3)
  3 adders
  An ooze (D:1)
  A worm (D:3)
  3 dart slugs (D:1)
  3 leopard geckos
  12 orcs
  9 bats
  7 giant cockroaches
  9 goblins
  10 hobgoblins
  2 jackals (D:2)
  4 kobolds
  A ball python (D:2)
  A frilled lizard (D:2)
  5 rats
80 creatures vanquished.

Notes
Turn   | Place    | Note
-------+----------+-------------------------------------------
     0 | D:1      | George the Gnoll Wanderer began the quest for the Orb.
     0 | D:1      | George set off with: a +2 leather armour, a +0 short sword, a scroll of teleportation, a ration
     0 | D:1      | Reached XP level 1. HP: 23/23 MP: 3/3
   224 | D:1      | Reached XP level 2. HP: 28/29 MP: 5/5
   780 | D:1      | Reached XP level 3. HP: 33/35 MP: 6/6
   926 | D:2      | Found a hide-covered altar of Uskayaw.
   997 | D:2      | Noticed Jessica
  1010 | D:2      | Killed Jessica
  1010 | D:2      | Reached skill level 1 in Long Blades
  1010 | D:2      | Reached skill level 1 in Axes
  1010 | D:2      | Reached skill level 1 in Maces & Flails
  1010 | D:2      | Reached skill level 1 in Polearms
  1010 | D:2      | Reached skill level 1 in Staves
  1010 | D:2      | Reached skill level 1 in Slings
  1010 | D:2      | Reached skill level 1 in Crossbows
  1010 | D:2      | Reached skill level 1 in Throwing
  1010 | D:2      | Reached skill level 1 in Stealth
  1010 | D:2      | Reached skill level 1 in Shields
  1010 | D:2      | Reached skill level 1 in Unarmed Combat
  1010 | D:2      | Reached skill level 1 in Spellcasting
  1010 | D:2      | Reached skill level 1 in Invocations
  1010 | D:2      | Reached XP level 4. HP: 13/41 MP: 7/7
  1553 | D:2      | Noticed Natasha
  1562 | D:2      | Killed Natasha
  1562 | D:2      | Reached skill level 1 in Conjurations
  1562 | D:2      | Reached skill level 1 in Hexes
  1562 | D:2      | Reached skill level 1 in Charms
  1562 | D:2      | Reached skill level 1 in Summonings
  1562 | D:2      | Reached skill level 1 in Necromancy
  1562 | D:2      | Reached skill level 1 in Translocations
  1562 | D:2      | Reached skill level 1 in Transmutations
  1562 | D:2      | Reached skill level 1 in Fire Magic
  1562 | D:2      | Reached skill level 1 in Ice Magic
  1562 | D:2      | Reached skill level 1 in Air Magic
  1562 | D:2      | Reached skill level 1 in Earth Magic
  1562 | D:2      | Reached skill level 1 in Poison Magic
  1644 | D:2      | Found an ancient bone altar of Kikubaaqudgha.
  1645 | D:2      | Found a blossoming altar of Fedhas.
  1779 | D:3      | Noticed Robin
  1928 | D:3      | Killed Robin
  1928 | D:3      | Reached XP level 5. HP: 38/47 MP: 8/8
  2273 | D:3      | Noticed an ogre
  2284 | D:3      | Killed an ogre
  2284 | D:3      | Reached XP level 6. HP: 23/53 MP: 9/9
  2638 | D:3      | Found a runed door.
  2958 | D:3      | Noticed Crazy Yiuf
  2970 | D:3      | Killed Crazy Yiuf
  3313 | D:4      | Noticed Natasha
  3321 | D:4      | Killed Natasha
  3321 | D:4      | Reached skill level 5 in Armour
  3321 | D:4      | Reached skill level 5 in Evocations
  3351 | D:4      | Noticed Blork the orc
  3378 | D:4      | Killed Blork the orc
  3506 | D:4      | Reached XP level 7. HP: 10/59 MP: 10/10
  3511 | D:4      | Killed from afar by an orc priest

Vault maps used:
D:1:      dpeg_arrival_rhombus
D:2:      grunt_temple_overflow_growth_and_decay, lemuel_round_altar,
          first_ration, uniq_natasha, uniq_jessica
D:3:      uniq_robin, uniq_crazy_yiuf_cottage
D:4:      nicolae_underground_beach, uniq_blork_the_orc

Skill      XL: |  1  2  3  4  5  6 |
---------------+-------------------+-----
Long Blades    | 1 2 |  2.2
Axes           | 1 2 |  2.2
Maces & Flails | 1 2 |  2.2
Polearms       | 1 2 |  2.2
Staves         | 1 2 |  2.2
Slings         | 1 2 |  2.2
Crossbows      | 1 2 |  2.2
Throwing       | 1 2 |  2.2
Stealth        | 1 2 |  2.2
Shields        | 1 2 |  2.2
Unarmed Combat | 1 2 |  2.2
Spellcasting   | 1 2 |  2.2
Invocations    | 1 2 |  2.4
Conjurations   | 1 |  1.7
Hexes          | 1 |  1.7
Charms         | 1 |  1.7
Summonings     | 1 |  1.7
Necromancy     | 1 |  1.7
Translocations | 1 |  1.7
Transmutations | 1 |  1.7
Fire Magic     | 1 |  1.7
Ice Magic      | 1 |  1.7
Air Magic      | 1 |  1.7
Earth Magic    | 1 |  1.7
Poison Magic   | 1 |  1.7
Short Blades   | 3 |  3.4
Bows           | 3 |  3.4
Dodging        | 3 |  3.4
Armour         | 5 |  5.1
Evocations     | 5 |  5.1
Fighting       | |  6.9

Action                   |  1- 3 |  4- 6 |  7- 9 || total
-------------------------+-------+-------+-------++-------
Melee: Short sword       |   109 |   213 |       ||   322
       Bite              |     9 |    26 |     1 ||    36
       Quarterstaff      |       |    32 |     5 ||    37
       Hand axe          |       |    21 |       ||    21
Throw: Stone             |       |     5 |       ||     5
  Eat: Chunk             |       |     9 |       ||     9
Armor: Leather armour    |    26 |     8 |       ||    34
       Scale mail        |       |   101 |     2 ||   103
Dodge: Dodged            |    78 |   184 |     1 ||   263

Table legend:
 A = Spawn XP
 B = Non-spawn XP
 C = Spawn XP percentage of total XP
 D = Spawn monster count
 E = Non-spawn monster count
 F = Spawn count percentage of total count
 G = Total turns spent on level
                    A         B        C        D         E        F      G
               +---------+---------+-------+---------+---------+-------+---------
         Total |       0 |     646 |   0.0 |       0 |      80 |   0.0 |  3511
               +---------+---------+-------+---------+---------+-------+---------
           D:1 |       0 |      38 |   0.0 |       0 |      16 |   0.0 |   848
           D:2 |       0 |     119 |   0.0 |       0 |      21 |   0.0 |  1033
           D:3 |       0 |     254 |   0.0 |       0 |      31 |   0.0 |  1353
           D:4 |       0 |     235 |   0.0 |       0 |      12 |   0.0 |   277
               +---------+---------+-------+---------+---------+-------+---------
